TOP OF THE 1ST |
Hickory Crawdads batting - Pitching for Greenville Drive : RHP Justin Swenson
|
Pitching: RHP Justin Swenson
|
|
Batting: LHB Brian Gray
|
0-0: Called Strike 0-1: Foul Ball, location: 2F 0-2: Ball 1-2: Foul Ball, location: 2F 1-2: Ball 2-2: Foul Ball, location: 2F 2-2: Foul Ball, location: 2F 2-2: Ball 3-2: Foul Ball, location: 2F 3-2: Ground out 4-3 (Groundball, 4, EV 103.8 MPH)
|
Batting: LHB Caleb Domino
|
0-0: Called Strike 0-1: Foul Ball, location: 2F 0-2: Ball 1-2: Ball 2-2: Foul Ball, location: 2F 2-2: Foul Ball, location: 2F 2-2: Ball 3-2: Foul Ball, location: 2F 3-2: Foul Ball, location: 2F 3-2: Base on Balls
|
Batting: RHB Matthew Starr
|
0-0: Called Strike 0-1: Called Strike 0-2: Ball 1-2: Ball 2-2: Strikes out swinging
|
Batting: LHB Tim Olsen
|
0-0: Called Strike 0-1: Fly out, F9 (Flyball, BS7, EV 106.9 MPH)
|
Top of the 1st over - 0 runs, 0 hits, 0 errors, 1 left on base; Hickory 0 - Greenville 0 |
BOTTOM OF THE 1ST |
Greenville Drive batting - Pitching for Hickory Crawdads : RHP Mario Vizcaya
|
Pitching: RHP Mario Vizcaya
|
|
Batting: RHB Jim Hubbard
|
0-0: Called Strike 0-1: Fly out, F7 (Flyball, 7D, EV 79.4 MPH)
|
Batting: SHB Robert Soto
|
0-0: Called Strike 0-1: Foul Ball, location: 2F 0-2: Ball 1-2: Foul Ball, location: 2F 1-2: Foul Ball, location: 2F 1-2: Ground out U3 (Groundball, 3, EV 95.6 MPH)
|
Batting: LHB Carlos Guerra
|
0-0: Ball 1-0: Fly out, F8 (Flyball, 8RD, EV 88.1 MPH)
|
Bottom of the 1st over - 0 runs, 0 hits, 0 errors, 0 left on base; Hickory 0 - Greenville 0 |
TOP OF THE 2ND |
Hickory Crawdads batting - Pitching for Greenville Drive : RHP Justin Swenson
|
Batting: LHB Lee Gerken
|
0-0: Called Strike 0-1: Foul Ball, location: 2F 0-2: Ball 1-2: DOUBLE (Flyball, 78D, EV 93.8 MPH)
|
Batting: SHB Quido van Erp
|
0-0: Called Strike 0-1: Ground out 4-3 (Groundball, 4, EV 103.8 MPH) Lee Gerken to third
|
Batting: RHB Zach Thomason
|
0-0: Ball 1-0: Ground out 4-3 (Groundball, 4, EV 86.2 MPH) Lee Gerken scores
|
Batting: RHB Victor Moya
|
0-0: Called Strike 0-1: Swinging Strike 0-2: Foul Ball, location: 2F 0-2: Ball 1-2: Strikes out swinging
|
Top of the 2nd over - 1 run, 1 hit, 0 errors, 0 left on base; Hickory 1 - Greenville 0 |
BOTTOM OF THE 2ND |
Greenville Drive batting - Pitching for Hickory Crawdads : RHP Mario Vizcaya
|
Batting: LHB Danny Montoya
|
0-0: Ball 1-0: Ground out 4-3 (Groundball, 34, EV 99.4 MPH)
|
Batting: RHB Alex Cardenas
|
0-0: Called Strike 0-1: Ground out U3 (Groundball, 34, EV 85.6 MPH)
|
Batting: LHB John Buff
|
0-0: Ball 1-0: Swinging Strike 1-1: Swinging Strike 1-2: Foul Ball, location: 2F 1-2: Foul Ball, location: 2F 1-2: Foul Ball, location: 2F 1-2: Ball 2-2: SINGLE (Flyball, 4MD, EV 90.6 MPH)
|
Batting: RHB Tony Nunez
|
0-0: Called Strike John Buff is caught stealing 2nd base 2-4
|
Bottom of the 2nd over - 0 runs, 1 hit, 0 errors, 0 left on base; Hickory 1 - Greenville 0 |
TOP OF THE 3RD |
Hickory Crawdads batting - Pitching for Greenville Drive : RHP Justin Swenson
|
Batting: RHB Zach Koblinski
|
0-0: Ball 1-0: Ball 2-0: SINGLE (Groundball, 56D, EV 101.9 MPH)
|
Batting: LHB Brian Gray
|
0-0: Called Strike 0-1: Grounds into double play, 4-6-3 (Groundball, 4, EV 97.5 MPH)
|
Batting: LHB Caleb Domino
|
0-0: Called Strike 0-1: Ball 1-1: Ball 2-1: Fly out, F7 (Flyball, 7S, EV 81.9 MPH)
|
Top of the 3rd over - 0 runs, 1 hit, 0 errors, 0 left on base; Hickory 1 - Greenville 0 |
BOTTOM OF THE 3RD |
Greenville Drive batting - Pitching for Hickory Crawdads : RHP Mario Vizcaya
|
Batting: RHB Tony Nunez
|
0-0: Called Strike 0-1: Ball 1-1: Foul Ball, location: 9LSF, Error on foul ball, E9 1-2: Fly out, F7 (Line Drive, 78D, EV 98.8 MPH)
|
Batting: RHB Ted Emmerich
|
0-0: Called Strike 0-1: Called Strike 0-2: SINGLE (Groundball, 4M, EV 108.8 MPH) (infield hit)
|
Batting: RHB Roger Mitchell
|
0-0: Foul Ball, location: 2F 0-1: Called Strike Ted Emmerich steals 2nd base 0-2: SINGLE (Groundball, 4S, EV 66.2 MPH) (infield hit) Ted Emmerich to third
|
Batting: RHB Jim Hubbard
|
0-0: Swinging Strike 0-1: Ball Roger Mitchell steals 2nd base 1-1: Ball 2-1: Foul Ball, location: 2F 2-2: Fly out, F2 (Popup, 5SF, EV 68.1 MPH)
|
Batting: SHB Robert Soto
|
0-0: Called Strike 0-1: Fly out, F9 (Flyball, 9S, EV 83.8 MPH)
|
Bottom of the 3rd over - 0 runs, 2 hits, 1 error, 2 left on base; Hickory 1 - Greenville 0 |
TOP OF THE 4TH |
Hickory Crawdads batting - Pitching for Greenville Drive : RHP Justin Swenson
|
Batting: RHB Matthew Starr
|
0-0: Called Strike 0-1: Ball 1-1: DOUBLE (Groundball, 3L, EV 108.8 MPH)
|
Batting: LHB Tim Olsen
|
0-0: Foul Ball, location: 2F 0-1: Ball 1-1: SINGLE (Groundball, 4M, EV 103.8 MPH) (infield hit) Matthew Starr to third
|
Batting: LHB Lee Gerken
|
0-0: Ball 1-0: Ball Tim Olsen is caught stealing 2nd base 2-6 2-0: Called Strike 2-1: Foul Ball, location: 2F 2-2: DOUBLE (Line Drive, 7LM, EV 101.2 MPH) Matthew Starr scores
|
Batting: SHB Quido van Erp
|
0-0: Called Strike 0-1: Called Strike 0-2: Strikes out swinging
|
Batting: RHB Zach Thomason
|
0-0: Called Strike 0-1: Ball 1-1: Ball 2-1: 2-RUN HOME RUN (Line Drive, 78XD, EV 117.5 MPH), Distance : 456 ft
|
Batting: RHB Victor Moya
|
0-0: Ball 1-0: Called Strike 1-1: Ball 2-1: Foul Ball, location: 2F 2-2: Ball 3-2: Foul Ball, location: 2F 3-2: Base on Balls
|
Batting: RHB Zach Koblinski
|
0-0: Called Strike 0-1: Foul Ball, location: 2F 0-2: Strikes out swinging
|
Top of the 4th over - 3 runs, 4 hits, 0 errors, 1 left on base; Hickory 4 - Greenville 0 |
BOTTOM OF THE 4TH |
Greenville Drive batting - Pitching for Hickory Crawdads : RHP Mario Vizcaya
|
Batting: LHB Carlos Guerra
|
0-0: Ball 1-0: Called Strike 1-1: Fly out, F9 (Flyball, 9LM, EV 93.1 MPH)
|
Batting: LHB Danny Montoya
|
0-0: Foul Ball, location: 2F 0-1: Ball 1-1: Ball 2-1: Fly out, F8 (Flyball, 8RM, EV 90.0 MPH)
|
Batting: RHB Alex Cardenas
|
0-0: Called Strike 0-1: Called Strike 0-2: Ball 1-2: Ball 2-2: Ball 3-2: Strikes out looking
|
Bottom of the 4th over - 0 runs, 0 hits, 0 errors, 0 left on base; Hickory 4 - Greenville 0 |
TOP OF THE 5TH |
Hickory Crawdads batting - Pitching for Greenville Drive : RHP Justin Swenson
|
Batting: LHB Brian Gray
|
0-0: Foul Ball, location: 2F 0-1: Ball 1-1: Swinging Strike 1-2: Strikes out looking
|
Batting: LHB Caleb Domino
|
0-0: Ball 1-0: Foul Ball, location: 2F 1-1: Ball 2-1: Ball 3-1: SINGLE (Groundball, 6S, EV 70.6 MPH) (infield hit)
|
Batting: RHB Matthew Starr
|
0-0: Called Strike 0-1: Ball 1-1: Foul Ball, location: 2F 1-2: Strikes out looking
|
Pitching: RHP Alan Phillips
|
|
Batting: LHB Tim Olsen
|
0-0: Ball Caleb Domino is caught stealing 2nd base 2-6
|
Top of the 5th over - 0 runs, 1 hit, 0 errors, 0 left on base; Hickory 4 - Greenville 0 |
BOTTOM OF THE 5TH |
Greenville Drive batting - Pitching for Hickory Crawdads : RHP Mario Vizcaya
|
Batting: LHB John Buff
|
0-0: Ball 1-0: Ball 2-0: SINGLE (Groundball, 34D, EV 111.9 MPH) (infield hit)
|
Batting: RHB Tony Nunez
|
0-0: Swinging Strike 0-1: Ball 1-1: Grounds into double play, 6-4-3 (Groundball, 6, EV 104.4 MPH)
|
Batting: RHB Ted Emmerich
|
0-0: Ball 1-0: Called Strike 1-1: Swinging Strike 1-2: Strikes out swinging
|
Bottom of the 5th over - 0 runs, 1 hit, 0 errors, 0 left on base; Hickory 4 - Greenville 0 |
TOP OF THE 6TH |
Hickory Crawdads batting - Pitching for Greenville Drive : RHP Alan Phillips
|
Batting: LHB Tim Olsen
|
0-0: Called Strike 0-1: Swinging Strike 0-2: Fly out, F9 (Flyball, 9LD, EV 101.9 MPH)
|
Batting: LHB Lee Gerken
|
0-0: Foul Ball, location: 2F 0-1: Ball 1-1: Fly out, F8 (Line Drive, 8LM, EV 88.1 MPH)
|
Batting: SHB Quido van Erp
|
0-0: Called Strike 0-1: Ball 1-1: Ball 2-1: Ground out U3 (Groundball, 34, EV 105.0 MPH)
|
Top of the 6th over - 0 runs, 0 hits, 0 errors, 0 left on base; Hickory 4 - Greenville 0 |
BOTTOM OF THE 6TH |
Greenville Drive batting - Pitching for Hickory Crawdads : RHP Mario Vizcaya
|
Batting: RHB Roger Mitchell
|
0-0: Called Strike 0-1: Ground out 6-3 (Groundball, 6, EV 88.8 MPH)
|
Batting: RHB Jim Hubbard
|
0-0: Called Strike 0-1: Ball 1-1: Swinging Strike 1-2: Ball 2-2: Foul Ball, location: 2F 2-2: SINGLE (Groundball, 56D, EV 94.4 MPH)
|
Batting: SHB Robert Soto
|
0-0: Fielders Choice at 2nd, 5-4 (Groundball, 56, EV 86.2 MPH)
|
Batting: LHB Carlos Guerra
|
0-0: Called Strike 0-1: Ground out 4-3 (Groundball, 4, EV 110.0 MPH)
|
Bottom of the 6th over - 0 runs, 1 hit, 0 errors, 1 left on base; Hickory 4 - Greenville 0 |
TOP OF THE 7TH |
Hickory Crawdads batting - Pitching for Greenville Drive : RHP Alan Phillips
|
Batting: RHB Zach Thomason
|
0-0: Called Strike 0-1: Ball 1-1: Ball 2-1: Ground out 4-3 (Groundball, 4, EV 91.9 MPH)
|
Batting: RHB Victor Moya
|
0-0: Ball 1-0: Swinging Strike 1-1: Ball 2-1: Foul Ball, location: 2F 2-2: Foul Ball, location: 2F 2-2: SINGLE (Groundball, 6MD, EV 98.8 MPH)
|
Batting: RHB Zach Koblinski
|
0-0: Fielders Choice at 2nd, 6-4 (Groundball, 56, EV 81.2 MPH)
|
Batting: LHB Brian Gray
|
0-0: Called Strike 0-1: Ball 1-1: Ball 2-1: Reached on error, E5 (Groundball, 56, EV 81.2 MPH) Zach Koblinski to second
|
Batting: LHB Caleb Domino
|
0-0: Called Strike 0-1: Foul Ball, location: 2F 0-2: SINGLE (Groundball, 5L, EV 91.2 MPH) (infield hit) Zach Koblinski to third Brian Gray to second
|
Batting: RHB Matthew Starr
|
0-0: Called Strike 0-1: Fly out, F7 (Flyball, 78M, EV 90.6 MPH)
|
Top of the 7th over - 0 runs, 2 hits, 1 error, 3 left on base; Hickory 4 - Greenville 0 |
BOTTOM OF THE 7TH |
Greenville Drive batting - Pitching for Hickory Crawdads : RHP Mario Vizcaya
|
Batting: LHB Danny Montoya
|
0-0: Fly out, F8 (Flyball, 8LXD, EV 103.8 MPH)
|
Batting: RHB Alex Cardenas
|
0-0: Called Strike 0-1: Swinging Strike 0-2: Fly out, F8 (Flyball, 89S, EV 73.1 MPH)
|
Batting: LHB John Buff
|
0-0: Ball 1-0: Ground out 6-3 (Groundball, 6M, EV 88.8 MPH)
|
Bottom of the 7th over - 0 runs, 0 hits, 0 errors, 0 left on base; Hickory 4 - Greenville 0 |
TOP OF THE 8TH |
Hickory Crawdads batting - Pitching for Greenville Drive : RHP Alan Phillips
|
Batting: LHB Tim Olsen
|
0-0: Called Strike 0-1: Ball 1-1: Ball 2-1: Foul Ball, location: 2F 2-2: Foul Ball, location: 2F 2-2: Ball 3-2: Foul Ball, location: 2F 3-2: SINGLE (Groundball, 23, EV 71.2 MPH) (infield hit)
|
Batting: LHB Lee Gerken
|
0-0: Called Strike 0-1: Foul Ball, location: 2F 0-2: Ball 1-2: Ball 2-2: Foul Ball, location: 2F 2-2: DOUBLE (Line Drive, 3D, EV 98.8 MPH) Tim Olsen to third
|
Pitching: LHP Rob Hymowitz
|
|
Batting: SHB Quido van Erp
|
0-0: Ball 1-0: Foul Ball, location: 2F 1-1: Ground out 6-3 (Groundball, 6, EV 86.9 MPH) Tim Olsen scores
|
Batting: RHB Zach Thomason
|
0-0: Called Strike 0-1: Ground out 6-3 (Groundball, 6, EV 88.1 MPH)
|
Batting: RHB Victor Moya
|
0-0: Foul Ball, location: 2F 0-1: Ball 1-1: Ball 2-1: Foul Ball, location: 2F 2-2: Strikes out looking
|
Top of the 8th over - 1 run, 2 hits, 0 errors, 1 left on base; Hickory 5 - Greenville 0 |
BOTTOM OF THE 8TH |
Greenville Drive batting - Pitching for Hickory Crawdads : RHP Mario Vizcaya
|
Batting: RHB Tony Nunez
|
0-0: Ball 1-0: Ball 2-0: Ball 3-0: Called Strike 3-1: Foul Ball, location: 2F 3-2: Fly out, F4 (Line Drive, 4, EV 70.6 MPH)
|
Batting: RHB Ted Emmerich
|
0-0: Ball 1-0: Called Strike 1-1: Swinging Strike 1-2: Strikes out swinging
|
Pinch Hitting: LHB Kevin Rolison
|
0-0: SINGLE (Groundball, 6D, EV 97.5 MPH)
|
Batting: RHB Jim Hubbard
|
0-0: Called Strike 0-1: Ball 1-1: Foul Ball, location: 2F 1-2: Ground out 3-1 (Groundball, 34, EV 89.4 MPH)
|
Bottom of the 8th over - 0 runs, 1 hit, 0 errors, 1 left on base; Hickory 5 - Greenville 0 |
TOP OF THE 9TH |
Hickory Crawdads batting - Pitching for Greenville Drive : LHP Rob Hymowitz
|
Now at 2B: Carlos Guerra
|
|
Now in LF: Kevin Rolison
|
|
Batting: RHB Zach Koblinski
|
0-0: Ball 1-0: Foul Ball, location: 2F 1-1: SINGLE (Line Drive, 5D, EV 96.9 MPH)
|
Batting: LHB Brian Gray
|
0-0: Ball 1-0: Foul Ball, location: 2F 1-1: Ball Wild Pitch! Zach Koblinski to second 2-1: Foul Ball, location: 2F 2-2: DOUBLE (Line Drive, 7D, EV 93.1 MPH) Zach Koblinski scores
|
Batting: LHB Caleb Domino
|
0-0: Swinging Strike 0-1: Called Strike 0-2: Strikes out swinging
|
Batting: RHB Matthew Starr
|
0-0: Swinging Strike 0-1: Ball 1-1: DOUBLE (Flyball, 8LXD, EV 107.5 MPH) Brian Gray scores
|
Batting: LHB Tim Olsen
|
0-0: Ball 1-0: Foul Ball, location: 2F 1-1: Called Strike 1-2: Strikes out looking
|
Batting: LHB Lee Gerken
|
0-0: Ball 1-0: Ground out 5-3 (Groundball, 56S, EV 84.4 MPH)
|
Top of the 9th over - 2 runs, 3 hits, 0 errors, 1 left on base; Hickory 7 - Greenville 0 |
BOTTOM OF THE 9TH |
Greenville Drive batting - Pitching for Hickory Crawdads : RHP Mario Vizcaya
|
Batting: SHB Robert Soto
|
0-0: Ball 1-0: Called Strike 1-1: Ball 2-1: Swinging Strike 2-2: Strikes out swinging
|
Pinch Hitting: RHB Mike Rosa
|
0-0: DOUBLE (Flyball, 8RXD, EV 114.4 MPH)
|
Batting: LHB Danny Montoya
|
0-0: Ground out 4-3 (Groundball, 4, EV 91.2 MPH) Mike Rosa to third
|
Batting: RHB Alex Cardenas
|
0-0: Fly out, F9 (Flyball, 89S, EV 84.4 MPH)
|
Bottom of the 9th over - 0 runs, 1 hit, 0 errors, 1 left on base; Hickory 7 - Greenville 0 |
|